cohdb
Replays
Latest Replays
All Replays
Popular Replays
Top Player Replays
Match Explorer
How It Works
Community
CoH3 Stats
Reddit
Sign in to upload your games and track your stats! →
Sign in with Steam
Match 40061062
Unlisted
Match 40061062
Overview
Messages
Build Orders
End
Panzergrenadier Squad
Panzergrenadier Squad
Construct Light Support Kompanie
MG34 Team
Fire Support Elements
Flakvierling Half-track
Panzerjäger Mechanized Group
Panzergrenadier Squad
Pak 38 Anti-tank Gun Team
le.IG 18 Mechanized Group
Selects Panzerjäger Kommand Battlegroup
Selects Mine Fields
Selects Defensive Positions
Selects Butterfly Bomb Drop
Butterfly Bomb Drop
Selects Tank Busters
Selects Crew Shock Tactics
Construct Panzerarmee Kommand
Armored Reserves
Panzer IV Assault Group
Butterfly Bomb Drop
2.5-tonne Medical Truck
Pak 38 Anti-tank Gun Team
Selects Elefant Tank Destroyer
Tiger Heavy Tank
Butterfly Bomb Drop
Panzerpioneer Squad
Panzer IV Assault Group
Tiger Heavy Tank
Panzergrenadier Squad
Butterfly Bomb Drop
Saueee
Leo invictum
mr.napalman
Carecup
0
0
Comments
sign in to comment!
No comments posted yet!